 Dungeon Crawl Stone Soup version 0.29.1-15-g9cfb28693d (webtiles) character file.

Game seed: 14569531973295378754

387 boopmooplesden the Twirler (level 6, -4/45 HPs)
             Began as a Minotaur Gladiator on Mar 13, 2023.
             Slain by an ice beast (6 damage)
             ... on level 5 of the Dungeon.
             The game lasted 00:05:33 (2776 turns).

boopmooplesden the Twirler (Minotaur Gladiator)     Turns: 2776, Time: 00:05:34

Health: -4/45      AC:  7    Str: 21    XL:     6   Next: 49%
Magic:  5/5        EV: 12    Int:  5    God:
Gold:   113        SH:  0    Dex: 11    Spells: 5/5 levels left

rFire   . . .      SeeInvis .   a - +0 quarterstaff (flame)
rCold   . . .      Faith    .   (shield currently unavailable)
rNeg    . . .      Spirit   .   o - +2 ring mail {rPois}
rPois   +          Reflect  .   c - +0 hat
rElec   .          Harm     .   f - scarf {shadows}
rCorr   .          Rampage  .   (no gloves)
Will    .....                   (no boots)
Stlth   ..........              (no amulet)
HPRegen 0.15/turn               (no ring)
MPRegen 0.09/turn               (no ring)

@: confused, mighty, brilliant, hasted, very quick
A: horns 2, retaliatory headbutt, frail 1, poison resistance
a: no special abilities


You were on level 5 of the Dungeon.
You visited 1 branch of the dungeon, and saw 5 of its levels.

You collected 146 gold pieces.
You spent 33 gold pieces at shops.

Inventory:

Hand Weapons
 a - a +0 quarterstaff of flaming (weapon)
 n - a +1 spear of flaming
Missiles
 d - 2 throwing nets (quivered)
 e - a javelin
Armour
 b - a +0 leather armour
 c - a +0 hat (worn)
 f - a scarf of shadows (worn)
 i - a +0 scale mail
 o - a +2 ring mail of poison resistance (worn)
 s - a +0 chain mail
Jewellery
 u - an amulet of reflection
Scrolls
 h - a scroll of amnesia
 k - a scroll of poison
 m - a scroll of fog
Potions
 g - a potion of lignification


   Skills:
 + Level 3.6 Fighting
 + Level 6.0 Staves
 + Level 2.3 Throwing
 + Level 4.1 Armour
 + Level 4.5 Dodging
 + Level 0.3 Stealth


You had 5 spell levels left.
You didn't know any spells.
Your spell library contained the following spells:

 Spells                   Type           Power      Damage    Failure   Level
 Foxfire                  Conj/Fire      0%         2x1d4     65%         1
 Conjure Flame            Conj/Fire      0%         6-21      95%         3
 Inner Flame              Hex/Fire       0%         N/A       95%         3
 Flame Wave               Conj/Fire      0%         2d4       100%        4


Dungeon Overview and Level Annotations

Branches:
Dungeon (5/15)
 Temple: D:4-7

Altars:
Fedhas
Qazlal

Shops:
D:1 *   D:3 !:[!*

Annotations:
D:4 Menkaure
D:5 3 runed translucent doors


Innate Abilities, Weirdness & Mutations

You have a pair of horns on your head.
You reflexively headbutt those who attack you in melee.
You are frail. (-10% HP)
Your system is resistant to poisons. (rPois)


Message History

You catch the helpless ogre completely off-guard!
You hit the ogre. You burn the ogre.
The ogre is heavily wounded.
An ice beast comes into view.
You sock the ogre! You burn the ogre.
You kill the ogre!
An orc wizard comes into view. It is wielding a +0 dagger.
You feel your dexterity returning.
Your Armour skill increases to level 3!
An orc comes into view. It is wielding a +0 mace.
The orc shouts!
Pargi bites you but does no damage. Pargi barely misses you. x2
Things that are here:
a +0 giant club; a throwing net; an ogre corpse You sock Pargi!
You burn Pargi. You headbutt Pargi!
You kill Pargi!
You feel your dexterity returning.
Your Staves skill increases to level 6!
You have reached level 6!
It was a potion of might.
You feel very mighty all of a sudden.
It was a potion of brilliance.
You feel clever all of a sudden.
You thump the orc priest! You burn the orc priest.
You kill the orc priest!
Your Armour skill increases to level 4!
You thump the ice beast!
You melt the ice beast.
The ice beast is moderately wounded.
The ice beast hits you but does no damage.
You hit the ice beast.
You melt the ice beast.
The ice beast is heavily wounded.
You closely miss the ice beast.
The ice beast is heavily wounded.
The orc wizard points at you and mumbles some strange words.
You are confused.
An orc comes into view. It is wielding a +0 flail.
The ice beast hits you.
* * * LOW HITPOINT WARNING * * *
The ice beast freezes you.
You die...

........
.......#
......o#
#.....[
.#.....#
#......#
##...##
#..oYo#
#....#@##
.....#.#
...#...#
...##..# ..
...#.
....+..
.....+...
......+....


You could see an ice beast, an orc wizard and 2 orcs.

Vanquished Creatures
  Pargi (D:5)
  An ogre (D:5)
  A jelly (D:3)
  An orc priest (D:5)
  Jessica (D:2)
  3 adders
  2 white imps (D:4)
  An ufetubus (D:4)
  3 dart slugs
  10 orcs
  3 endoplasms
  3 goblins
  4 hobgoblins
  8 jackals (D:2)
  2 quokkas
  5 ball pythons
  4 bats (D:1)
  2 frilled lizards
  4 kobolds
  7 rats
66 creatures vanquished.

Notes
Turn   | Place    | Note
-------+----------+-------------------------------------------
     0 | D:1      | boopmooplesden the Minotaur Gladiator began the quest for
                  | the Orb.
     0 | D:1      | Reached XP level 1. HP: 18/18 MP: 0/0
   248 | D:1      | Reached XP level 2. HP: 20/25 MP: 1/1
   305 | D:1      | Found a faded altar of an unknown god.
   395 | D:1      | Reached skill level 4 in Staves
   494 | D:1      | Found Vitua's Assorted Antiques.
   706 | D:2      | Noticed Jessica
   722 | D:2      | Killed Jessica
   723 | D:2      | Reached skill level 1 in Armour
   723 | D:2      | Reached XP level 3. HP: 23/30 MP: 2/2
  1085 | D:2      | Reached XP level 4. HP: 37/37 MP: 3/3
  1472 | D:3      | Found a stormy altar of Qazlal.
  1747 | D:3      | Found Leclimp's Distillery.
  2086 | D:3      | Found Ymonun's Armour Shop.
  2120 | D:3      | Found Jaal's Book Shoppe.
  2125 | D:3      | Reached skill level 5 in Staves
  2125 | D:3      | Reached XP level 5. HP: 38/45 MP: 4/4
  2224 | D:3      | Found Iracikhlu's Distillery.
  2409 | D:3      | Found Culi's Assorted Antiques.
  2413 | D:3      | Bought a scroll labelled PIOWAN PAMATOPN for 33 gold pieces
  2427 | D:3      | Found a blossoming altar of Fedhas.
  2739 | D:4      | Noticed Pargi
  2741 | D:4      | Noticed Menkaure
  2750 | D:4      | Gained mutation: You are frail. (-10% HP) [potion of
                  | mutation]
  2750 | D:4      | Gained mutation: Your system is resistant to poisons.
                  | (rPois) [potion of mutation]
  2759 | D:5      | Entered Level 5 of the Dungeon
  2759 | D:5      | Noticed an ogre
  2761 | D:5      | Found a runed translucent gate.
  2762 | D:5      | Found a runed translucent gate.
  2763 | D:5      | Found a runed translucent gate.
  2765 | D:5      | HP: 1/40 [ogre/+0 giant club (7)]
  2767 | D:5      | Noticed an ice beast
  2768 | D:5      | Killed an ogre
  2770 | D:5      | Killed Pargi
  2771 | D:5      | Reached skill level 6 in Staves
  2771 | D:5      | Reached XP level 6. HP: 2/45 MP: 5/5
  2776 | D:5      | HP: 2/45 [ice beast (1)]
  2776 | D:5      | Slain by an ice beast

Illustrated notes

Levels and vault maps discovered:
D:1:      minmay_arrival_stone_box, layout_rooms, serial_shops,
          nicolae_shop_hallway_plus, shapermc_ecumenical_altar_mp_highgroup
D:2:      layout_loops_ring, uniq_jessica
D:3:      layout_basic, grunt_qazlal_clouds, mainiacjoe_overflow_brackets,
          serial_shops, nicolae_shop_hallway_plus, shop, shop, shop, shop
D:4:      layout_cave_pods, nicolae_ru_path_of_blood, serial_demonic,
          serial_demonic_a, serial_demonic_b, serial_demonic_f,
          serial_demonic_c, enter_ossuary_5, nrook_loot_triangle, uniq_pargi,
          uniq_menkaure
D:5:      layout_cave_pools, yredelemnul_altar_generic,
          nicolae_sif_muna_condensation, cheibrodos_sewer_entry_sluice,
          gammafunk_ghost_necromancy

Skill      XL: |  1  2  3  4  5  6 |
---------------+-------------------+-----
Staves         | 4 5 6 |  6.0
Armour         | 1 2 3 4 |  4.1
Dodging        | 4 |  4.5
Fighting       | 3 |  3.6
Throwing       | |  2.3
Stealth        | |  0.3

Action                   |  1- 3 |  4- 6 || total
-------------------------+-------+-------++-------
Melee: Quarterstaff      |    74 |    74 ||   148
       Headbutt          |    10 |    12 ||    22
Throw: Throwing net      |       |     1 ||     1
  Use: Scroll            |     6 |     5 ||    11
       Potion            |       |     4 ||     4
 Stab: Held in net/web   |       |     1 ||     1
Armor: Leather armour    |    23 |       ||    23
       Ring mail         |       |    56 ||    56
Dodge: Dodged            |    47 |    78 ||   125
